 Dungeon Crawl Stone Soup version 0.31-a0-214-gb37851dbb3 (webtiles) character file.

Game seed: 1980707121868673626

128 qw the Shooter (level 5, -1/30 HPs)
             Began as a Gargoyle Hexslinger on July 1, 2023.
             Was an Initiate of Okawaru.
             Slain by a phantom (3 damage)
             ... on level 4 of the Dungeon.
             The game lasted 00:01:16 (3044 turns).

qw the Shooter (Gargoyle Hexslinger)                Turns: 3044, Time: 00:01:17

Health: -1/30      AC:  7    Str: 12    XL:     5   Next: 11%
Magic:  6/6        EV: 11    Int: 13    God:    Okawaru [......]
Gold:   165        SH:  0    Dex: 14    Spells: 5/6 levels left

rFire   . . .        Y - +1 sling
rCold   . . .        (no shield)
rNeg    + . .        a - +0 leather armour
rPois   inf          (no helmet)
rElec   +            (no cloak)
rCorr   .            (no gloves)
SInv    .            (no boots)
Will    .....        (no amulet)
Stlth   +            (no ring)
HPRegen 0.25/turn    (no ring)
MPRegen 0.10/turn

%: no passive effects
@: no status effects
A: sickness immunity, AC +4, negative energy resistance 1, electricity
resistance, torment resistance 1, petrification resistance
a: Renounce Religion


You were on level 4 of the Dungeon.
You worshipped Okawaru.
Okawaru was noncommittal.
You visited 1 branch of the dungeon, and saw 4 of its levels.

You collected 165 gold pieces.


Innate Abilities, Weirdness & Mutations

You are immune to sickness and miasma.
Your stone body is resilient. (AC +4)
You are immune to poison.
You resist negative energy. (rN+)
You are resistant to electric shocks. (rElec)
You are resistant to unholy torment.
You are immune to petrification.


   Skills:
 - Level 2.0 Fighting
 + Level 4.9 Ranged Weapons
 - Level 1.5 Dodging
 - Level 1.0 Spellcasting
 - Level 2.6 Hexes


You had 5 spell levels left.
You knew the following spells:

 Your Spells              Type           Power      Damage    Failure   Level
a - Slow                  Hex            28%        N/A       12%         1

Your spell library contained the following spells:

 Spells                   Type           Power      Damage    Failure   Level
 Inner Flame              Hex/Fire       4%         N/A       52%         3
 Portal Projectile        Hex/Tloc       8%         N/A       52%         3
 Cause Fear               Hex            3%         N/A       75%         4

Inventory:

Hand Weapons
 Y - a +1 sling (weapon)
Armour
 a - a +0 leather armour (worn)
Jewellery
 c - an amulet of reflection
Wands
 k - a wand of digging (7)
Scrolls
 e - a scroll of identify
Potions
 d - 3 potions of curing
 f - 2 potions of might
 h - a potion of enlightenment
 i - a potion of mutation
 j - a potion of lignification {unknown}

Dungeon Overview and Level Annotations

Branches:
Dungeon (4/15)
 Temple: D:4-7

Altars:
Gozag
Okawaru
Ru
Vehumet


Message History

The sling bullet closely misses the phantom.
The phantom hits you.
The phantom blinks!
You blink.
You shoot a sling bullet. The sling bullet misses the phantom.
The phantom closely misses you.
You shoot a sling bullet.
The sling bullet closely misses the phantom.
The phantom hits you. x2; The phantom blinks!
You blink.
You shoot a sling bullet. The sling bullet misses the phantom.
The phantom closely misses you.
You shoot a sling bullet.
The sling bullet closely misses the phantom.
The phantom barely misses you.
You shoot a sling bullet. The sling bullet misses the phantom.
The phantom hits you.
The phantom blinks!
You blink.
Enter note:
Enter note:
Enter note:
Enter note:
Enter note:
Enter note:
Enter note:
Enter note:
Enter note:
Enter note:
Enter note:
Enter note:
Enter note:
Enter note:
Enter note: You shoot a sling bullet.
The sling bullet hits the phantom.
The phantom is severely damaged.
The phantom hits you.
The phantom blinks!
You blink.
The phantom hits you.
The phantom blinks!
You blink.
You shoot a sling bullet. The sling bullet hits the phantom.
The phantom is almost destroyed.
The phantom barely misses you.
You shoot a sling bullet.
The sling bullet closely misses the phantom.
The phantom hits you.
You die...

#....#####....#.#....###....
#....##.......#.#.##.#......
####....##...........##.#.#)...
###........#...#....#####........
#..............<....# #..........
........####...##...###......##'#
#..............++...'........##..
#'###..........W....####'##'#####
....##..........@...# #.##.....#
.....#¤.............# #.######.#
.....#...........#### #.)..###.#
._...'.....¤.....# ####.....#
.....###.........# #......###
.....# #.........# #......# #
....## #.........# #......# #
#+### #.######### #......###
#.######.# #........#


You could see a phantom.

Vanquished Creatures
  A sleepcap (D:4)
  2 adders
  2 dart slugs
  5 orcs (D:3)
  7 ball pythons
  7 bats
  4 endoplasms
  4 giant cockroaches
  13 goblins
  6 hobgoblins
  4 quokkas
  A frilled lizard (D:1)
  12 kobolds
  2 rats
70 creatures vanquished.

Notes
Turn   | Place    | Note
-------+----------+-------------------------------------------
     0 | D:1      | qw the Gargoyle Hexslinger began the quest for the Orb.
     0 | D:1      | Reached XP level 1. HP: 12/12 MP: 2/2
     0 | D:1      | 0 ||| qw: Version: 0.3-a-32-g5962c71
     0 | D:1      | 0 ||| qw: Game counter: 7413
     0 | D:1      | 0 ||| qw: Melee chars always use a shield: true
     0 | D:1      | 0 ||| qw: God list: Okawaru
     0 | D:1      | 0 ||| qw: Allow faded altars: false
     0 | D:1      | 0 ||| qw: Do Orc after clearing Dungeon:15 true
     0 | D:1      | 0 ||| qw: Do second Lair branch before Depths: true
     0 | D:1      | 0 ||| qw: Lair rune preference: random
     0 | D:1      | 0 ||| qw: Goals: Normal
     0 | D:1      | 0 ||| PLANNING D:1-11
   108 | D:1      | Reached XP level 2. HP: 10/16 MP: 3/3
   377 | D:1      | Reached skill level 3 in Ranged Weapons
   960 | D:1      | Reached XP level 3. HP: 21/21 MP: 4/4
   964 | D:1      | 964 ||| DROPPING amulet of magic regeneration.
   965 | D:1      | 965 ||| READING scroll labelled ONARHI GUFI.
   969 | D:1      | 969 ||| READING 3 scrolls labelled CILLERAHUI.
   970 | D:1      | 970 ||| DRINKING 2 inky potions.
   971 | D:1      | 971 ||| READING 2 scrolls of identify.
   971 | D:1      | 971 ||| IDENTIFYING brown potion
   972 | D:1      | 972 ||| DROPPING scroll of poison.
  1802 | D:2      | 1802 ||| READING 2 scrolls labelled BON ERAZULURO.
  1803 | D:2      | 1803 ||| READING 2 scrolls of identify.
  1803 | D:2      | 1803 ||| IDENTIFYING bubbling ruby potion
  1804 | D:2      | 1804 ||| DROPPING scroll of immolation.
  1805 | D:2      | 1805 ||| DROPPING potion of brilliance.
  1836 | D:3      | Found a faded altar of an unknown god.
  1892 | D:3      | Reached XP level 4. HP: 18/26 MP: 5/5
  1892 | D:3      | 1892 ||| FLEEEEING.
  1893 | D:3      | 1893 ||| FLEEEEING.
  1894 | D:3      | 1894 ||| FLEEEEING.
  1895 | D:3      | 1895 ||| FLEEEEING.
  1896 | D:3      | 1896 ||| FLEEEEING.
  1898 | D:3      | 1898 ||| FLEEEEING.
  1899 | D:3      | 1899 ||| FLEEEEING.
  1900 | D:3      | 1900 ||| FLEEEEING.
  1901 | D:3      | 1901 ||| FLEEEEING.
  1902 | D:3      | 1902 ||| FLEEEEING.
  1903 | D:3      | 1903 ||| FLEEEEING.
  1904 | D:3      | 1904 ||| FLEEEEING.
  1905 | D:3      | 1905 ||| FLEEEEING.
  1906 | D:3      | 1906 ||| FLEEEEING.
  1907 | D:3      | 1907 ||| FLEEEEING.
  1908 | D:3      | 1908 ||| FLEEEEING.
  1909 | D:3      | 1909 ||| FLEEEEING.
  1910 | D:3      | 1910 ||| FLEEEEING.
  1911 | D:3      | 1911 ||| FLEEEEING.
  1912 | D:3      | 1912 ||| STAIRDANCE
  1940 | D:3      | Reached skill level 4 in Ranged Weapons
  2383 | D:3      | 2383 ||| UPGRADING to +0 leather armour.
  2393 | D:3      | 2393 ||| DROPPING +0 robe.
  2394 | D:3      | 2394 ||| DRINKING 3 green potions.
  2395 | D:3      | 2395 ||| READING 3 scrolls of identify.
  2395 | D:3      | 2395 ||| IDENTIFYING sapphire potion
  2396 | D:3      | 2396 ||| READING 2 scrolls of identify.
  2396 | D:3      | 2396 ||| IDENTIFYING fizzy brown potion
  2569 | D:4      | Found an iron altar of Okawaru.
  2570 | D:4      | 2570 ||| PLANNING OKAWARU WORSHIP
  2577 | D:4      | Became a worshipper of Warmaster Okawaru
  2578 | D:4      | 2578 ||| PLANNING D:1-11
  2623 | D:4      | 2623 ||| FLEEEEING.
  2627 | D:4      | 2627 ||| FLEEEEING.
  2628 | D:4      | 2628 ||| FLEEEEING.
  2629 | D:4      | 2629 ||| FLEEEEING.
  2630 | D:4      | 2630 ||| FLEEEEING.
  2631 | D:4      | 2631 ||| FLEEEEING.
  2637 | D:4      | 2637 ||| FLEEEEING.
  2638 | D:4      | 2638 ||| FLEEEEING.
  2644 | D:4      | 2644 ||| FLEEEEING.
  2645 | D:4      | 2645 ||| FLEEEEING.
  2809 | D:4      | HP: 5/26 [hobgoblin/+0 club (4)]
  2810 | D:4      | 2810 ||| READING scroll of teleportation.
  2811 | D:4      | 2811 ||| DRINKING potion of heal wounds.
  2873 | D:4      | Found a sacrificial altar of Ru.
  2893 | D:4      | Reached XP level 5. HP: 30/30 MP: 6/6
  2946 | D:4      | Found an opulent altar of Gozag.
  3004 | D:4      | Found a radiant altar of Vehumet.
  3018 | D:4      | Noticed a phantom
  3042 | D:4      | HP: 3/30 [phantom (5)]
  3042 | D:4      | HP: 1/30 [phantom (2)]
  3044 | D:4      | Slain by a phantom

Levels and vault maps discovered:
D:1:      dpeg_arrival_water_temple_mockup, layout_loops_corners
D:2:      layout_basic
D:3:      layout_basic, ebering_ecumenical_altar_mist, minmay_misc_feat_tiny
D:4:      minmay_goblin_kobold_castle, layout_basic,
          nicolae_vehumet_altar_sigil, general_overflow_altar,
          lemuel_tele_altar, mainiacjoe_overflow_surrounded_room

Skill      XL: |  1  2  3  4 |
---------------+-------------+-----
Ranged Weapons | 3 4 |  4.9
Fighting       | 2 |  2.0
Dodging        | |  1.5
Spellcasting   | |  1.0
Hexes          | |  2.6

Action                     |  1- 3 |  4- 6 || total
---------------------------+-------+-------++-------
   Fire: Sling             |   149 |   118 ||   267
    Use: Scroll            |     5 |     3 ||     8
         Potion            |     1 |     2 ||     3
 Armour: Robe              |    34 |     1 ||    35
         Leather armour    |       |    12 ||    12
  Dodge: Dodged            |    53 |    51 ||   104

Table legend:
 A = Non-vault XP
 B = Vault XP
 C = Vault XP percentage of total XP
 D = Non-vault monster count
 E = Vault monster count
 F = Vault count percentage of total count
                 A         B        C        D         E       F
            +---------+---------+-------+---------+---------+-------
      Total |     170 |      13 |   7.1 |      63 |       7 |  10.0
            +---------+---------+-------+---------+---------+-------
        D:1 |      34 |       0 |   0.0 |      21 |       0 |   0.0
        D:2 |      34 |       0 |   0.0 |      19 |       0 |   0.0
        D:3 |      40 |       0 |   0.0 |      13 |       0 |   0.0
        D:4 |      62 |      13 |  17.3 |      10 |       7 |  41.2
            +---------+---------+-------+---------+---------+-------
